 Dungeon Crawl Stone Soup version 0.31-a0-1-g4198be8af4 (webtiles) character file.

Game seed: 4263102146868230196

12511 qeuew the Protected (level 11, -3/97 HPs)
             Began as a Minotaur Fighter on May 1, 2023.
             Was a Believer of Makhleb.
             Drowned by a water elemental (6 damage)
             ... on level 10 of the Dungeon.
             The game lasted 00:12:02 (10165 turns).

qeuew the Protected (Minotaur Fighter)             Turns: 10165, Time: 00:12:03

Health: -3/97      AC: 18    Str: 28    XL:     11   Next: 63%
Magic:  0/13       EV: 11    Int:  7    God:    Makhleb [**....]
Gold:   757        SH:  7    Dex: 16    Spells: 10/10 levels left

rFire   . . .        a - +1 war axe (elec)
rCold   . . .        c - +0 buckler
rNeg    . . .        x - +0 plate armour "Mucuoga" {Fly Dex+3}
rPois   +            t - +3 crown of Dyrovepreva {rElec Int+2 SInv}
rElec   +            (no cloak)
rCorr   .            (no gloves)
SInv    +            (no boots)
Will    .....        i - amulet of guardian spirit Stlth
                     (no ring)
HPRegen 0.36/turn    j - ring "Wiomauxkil" {rPois Str+6}
MPRegen 0.13/turn

%: guardian spirit
@: engulfed (cannot breathe), flying
A: horns 2, retaliatory headbutt
a: Renounce Religion, Minor Destruction


You were on level 10 of the Dungeon.
You worshipped Makhleb.
Makhleb was pleased with you.
You visited 2 branches of the dungeon, and saw 12 of its levels.
You also visited: Ossuary and Bailey.

You collected 1778 gold pieces.
You spent 1021 gold pieces at shops.

Inventory:

Hand Weapons
 a - a +1 war axe of electrocution (weapon)
 b - a +4 war axe
Missiles
 f - a throwing net (quivered)
Armour
 c - a +0 buckler (worn)
 t - the +3 crown of Dyrovepreva (worn) {rElec Int+2 SInv}
   (You bought it in a shop on level 9 of the Dungeon)

   Int:       It affects your intelligence (+2).
   rElec:     It insulates you from electricity.
   SInv:      It lets you see invisible.
 x - the +0 plate armour "Mucuoga" (worn) {Fly Dex+3}
   (You found it in a bailey)

   Dex:       It affects your dexterity (+3).
   Fly:       It grants you flight.
Jewellery
 i - an amulet of guardian spirit (around neck)
 j - the ring "Wiomauxkil" (right hand) {rPois Str+6}
   (You bought it in a shop on level 3 of the Dungeon)

   [ring of strength]

   Str:       It affects your strength (+6).
   rPois:     It protects you from poison.
Wands
 e - a wand of flame (4)
 n - a wand of charming (21)
 o - a wand of digging (6)
 A - a wand of quicksilver (2)
Scrolls
 g - 4 scrolls of teleportation
 m - 3 scrolls of enchant armour
 p - a scroll of noise
 q - a scroll of fog
 u - a scroll of amnesia
Potions
 h - a potion of flight
 k - 3 potions of curing
 r - 2 potions of brilliance
 s - 3 potions of haste
 v - a potion of cancellation
 z - a potion of might


   Skills:
 + Level 9.5 Fighting
 + Level 9.2 Axes
 * Level 13.0 Armour
 + Level 8.0 Dodging
 + Level 9.6 Shields
 + Level 5.1 Invocations
 + Level 0.6 Evocations


You had 10 spell levels left.
You didn't know any spells.
Your spell library contained the following spells:

 Spells                   Type           Power      Damage    Failure   Level
 Beastly Appendage        Tmut           0%         N/A       98%         1
 Magic Dart               Conj           0%         1d3       98%         1
 Searing Ray              Conj           0%         2d4       99%         2
 Wereblood                Tmut           0%         N/A       99%         2
 Gell's Gravitas          Tloc           0%         N/A       100%        3
 Spider Form              Tmut/Pois      0%         N/A       100%        3
 Teleport Other           Tloc           0%         N/A       100%        3
 Fulminant Prism          Conj/Hex       0%         3d5       100%        4
 Dispersal                Tloc           0%         N/A       100%        6


Dungeon Overview and Level Annotations

Branches:
Dungeon (11/15)            Temple (1/1) D:7             Orc (0/2) D:10
Ossuary (visited)          Bailey (visited)
   Lair: D:8-11

Altars:
Ashenzari
Cheibriados
Dithmenos
Elyvilon
Fedhas
Gozag
Hepliaklqana
Kikubaaqudgha
Makhleb
Nemelex Xobeh
Okawaru
Qazlal
Ru
Sif Muna
Trog
Uskayaw
Vehumet
Wu Jian
Xom
Yredelemnul
Zin
The Shining One

Shops:
D:3 =   D:5 *   D:7 (   D:9 [

Annotations:
D:10 3 runed translucent doors, TheSexyCheese's ghost, novice DsFE


Innate Abilities, Weirdness & Mutations

You have a pair of horns on your head.
You reflexively headbutt those who attack you in melee.


Message History

The water elemental engulfs you in water!
Found 27 gold pieces.
You slip free of the water engulfing you.
You gasp with relief as air once again reaches your lungs.
The wolf seems to regain its courage.
You block the water elemental's attack.
There is a stone staircase leading up here.
The water elemental closely misses you. You furiously retaliate!
You headbutt the water elemental.
You fly upwards.
Level annotation: 3 runed translucent doors, TheSexyCheese's ghost, novice DsFE You feel yourself speed up.
There is a stone staircase leading down here.
You hit the water elemental but do no damage.
The water elemental is moderately damaged.
The water elemental closely misses you. You furiously retaliate!
You headbutt the water elemental. You barely miss the water elemental.
The water elemental is moderately damaged.
The water elemental hits you.
The water elemental engulfs you in water!
The water elemental hits you.
* * * LOW HITPOINT WARNING * * *
You hit the water elemental but do no damage.
The water elemental is moderately damaged.
* * * LOW HITPOINT WARNING * * *
Your lungs strain for air!
The water elemental hits you.
* * * LOW HITPOINT WARNING * * *
You feel better.
* * * LOW HITPOINT WARNING * * *
Your lungs strain for air!
The water elemental hits you!
* * * LOW HITPOINT WARNING * * *
You cannot read scrolls while unable to breathe!
Throw: 2 throwing nets
Press: ? - help, Q - select action, (/) - cycle Shift-Dir - straight line, f - water elemental
Aim: a water elemental (moderately damaged, 74% to hit)
You throw a throwing net.
The throwing net completely misses the water elemental.
You die...

# #.#...### #.....#)...........
###.##.## #.[_.))..>..#......
.##.##.# #.....#.....#......
....##.# #.....#8...##.#...#
######'## #############.#[..# #
##...## #.# #.##### # ##.....##
###.# #.#### ##.......## ##.#.#
#.##.##
##.........####.@E(########.#...#
.+.<.......+.....................
##......<..####....###########..#
##.......## ##.#.##.....#..#.##
##...!.## ###.##.♣.♣.'..#.#
##...## #.##~.♣÷.'..#.# ##†##
#....♣.♣.'..#.# #.#
#.##...).#..#.# #.#
#########..#~.P~P##+#.#


You could see a water elemental.

Vanquished Creatures
  A hydra (D:10)
  3 two-headed ogres
  Pikel (D:8)
  An orc knight (Bailey)
  A deep elf pyromancer (Bailey)
  An ugly thing (D:7)
  A gargoyle (D:7)
  Prince Ribbit (D:7)
  A troll (D:11)
  2 dream sheep (D:10)
  A shadow (D:9)
  2 wyverns
  8 yaks
  A basilisk (D:7)
  2 steam dragons
  3 acid dragons (D:10)
  The ghost of NateTC the Magician, an amateur DEEE (D:3)
  2 water moccasins
  10 orc warriors
  3 sky beasts (D:7)
  2 black bears (D:6)
  An ogre (D:6)
  2 centaurs
  A phantom (D:6)
  An elf zombie (Ossuary)
  A lemure (D:8)
  5 kobold brigands
  3 bullfrogs
  3 scorpions
  23 wights
  6 killer bees (D:10)
  2 howler monkeys
  A centaur zombie (Ossuary)
  A hound (D:6)
  A human zombie (Ossuary)
  2 jellies
  A gnoll bouda (D:7)
  4 orc priests
  A sleepcap (D:6)
  3 iguanas
  6 orc wizards
  2 mummies (Ossuary)
  8 adders
  9 gnolls
  3 white imps
  An ufetubus (D:7)
  2 worms (D:3)
  3 dart slugs
  30 orcs
  4 bats
  2 endoplasms (D:1)
  6 goblins
  5 hobgoblins
  5 quokkas
  3 ball pythons
  2 gnoll zombies (Ossuary)
  4 goblin zombies
  2 hobgoblin zombies (Ossuary)
  13 kobolds
  4 orc zombies (Ossuary)
224 creatures vanquished.

Vanquished Creatures (others)
  A plant (D:10)
1 creature vanquished.

Grand Total: 225 creatures vanquished

Notes
Turn   | Place    | Note
-------+----------+-------------------------------------------
     0 | D:1      | qeuew the Minotaur Fighter began the quest for the Orb.
     0 | D:1      | Reached XP level 1. HP: 19/19 MP: 0/0
   215 | D:1      | Reached XP level 2. HP: 27/27 MP: 1/1
   421 | D:2      | Reached skill level 4 in Armour
   667 | D:2      | Reached XP level 3. HP: 33/33 MP: 2/2
   790 | D:2      | Reached skill level 1 in Dodging
  1464 | D:3      | Found Yxuxirr's Jewellery Shoppe.
  1529 | D:3      | Found a runed translucent door.
  1531 | D:3      | Noticed NateTC's ghost (amateur DEEE)
  1545 | D:3      | Killed NateTC's ghost
  1546 | D:3      | Reached skill level 5 in Armour
  1546 | D:3      | Reached XP level 4. HP: 41/41 MP: 3/3
  1546 | D:3      | Reached XP level 5. HP: 47/47 MP: 4/4
  1587 | D:3      | Found a stormy altar of Qazlal.
  2167 | D:4      | Reached XP level 6. HP: 35/53 MP: 3/5
  2346 | D:4      | Found an iron altar of Okawaru.
  2677 | D:5      | Entered Level 5 of the Dungeon
  2733 | D:5      | Found a radiant altar of Vehumet.
  2764 | D:5      | Reached skill level 6 in Armour
  2764 | D:5      | Reached skill level 5 in Shields
  2905 | D:5      | Reached skill level 5 in Fighting
  3019 | D:5      | Found Umaof's Elemental Accessories.
  3101 | D:5      | Noticed a water moccasin
  3108 | D:5      | Killed a water moccasin
  3109 | D:5      | Reached XP level 7. HP: 47/61 MP: 6/6
  4071 | D:6      | Reached skill level 7 in Armour
  4074 | D:6      | Reached skill level 5 in Axes
  4082 | D:6      | Reached XP level 8. HP: 64/70 MP: 7/7
  4110 | D:6      | Found a sand-covered staircase.
  4124 | Ossuary  | Entered an ossuary
  4341 | D:6      | Reached skill level 8 in Armour
  4420 | D:3      | Bought the ring "Wiomauxkil" {rPois Str+6} for 566 gold
                  | pieces
  4692 | D:7      | Found Duirph Oteco's Weapon Boutique.
  4804 | D:7      | Noticed Prince Ribbit
  4812 | D:7      | Killed Prince Ribbit
  5098 | D:7      | Reached skill level 9 in Armour
  5105 | D:7      | Reached skill level 5 in Dodging
  5105 | D:7      | Reached XP level 9. HP: 71/78 MP: 8/8
  5226 | D:7      | Found an ancient bone altar of Kikubaaqudgha.
  5505 | D:7      | Found a staircase to the Ecumenical Temple.
  5602 | Temple   | Entered the Ecumenical Temple
  5725 | Temple   | Became a worshipper of Makhleb the Destroyer
  5935 | D:7      | Noticed a brown ugly thing
  5942 | D:7      | Killed a brown ugly thing
  5943 | D:7      | Reached skill level 1 in Invocations
  6024 | D:7      | Noticed a gargoyle
  6032 | D:7      | Killed a gargoyle
  6033 | D:7      | Reached skill level 10 in Armour
  6302 | D:8      | Noticed Pikel
  6309 | D:8      | Killed Pikel
  6310 | D:8      | Reached XP level 10. HP: 72/88 MP: 7/10
  6444 | D:8      | Reached * piety under Makhleb
  6839 | D:8      | Reached skill level 11 in Armour
  7055 | D:9      | Found a shimmering blue altar of Sif Muna.
  7061 | D:9      | Found Eqatis's Armour Shop.
  7183 | D:9      | Found a flagged portal.
  7192 | Bailey   | Entered a bailey
  7264 | Bailey   | Noticed an orc knight
  7275 | Bailey   | Killed an orc knight
  7276 | Bailey   | Found a large runed translucent door.
  7276 | Bailey   | Found a large runed translucent door.
  7287 | Bailey   | Reached ** piety under Makhleb
  7482 | Bailey   | Noticed a deep elf pyromancer
  7578 | Bailey   | Killed a deep elf pyromancer
  7612 | Bailey   | Identified the +2 scale mail of Impatience {rElec rF+
                  | Will+}
  7613 | Bailey   | Identified the +0 plate armour "Mucuoga" {Fly Dex+3}
  7845 | D:9      | Reached skill level 12 in Armour
  7845 | D:9      | Reached XP level 11. HP: 77/94 MP: 9/13
  7990 | D:9      | Noticed a two-headed ogre
  7996 | D:9      | Killed a two-headed ogre
  8218 | D:9      | Identified a scroll of acquirement
  8218 | D:9      | Acquired 816 gold pieces
  8272 | D:9      | Bought the +3 crown of Dyrovepreva {rElec Int+2 SInv} for
                  | 455 gold pieces
  8272 | D:9      | Found the +3 crown of Dyrovepreva {rElec Int+2 SInv}
  8288 | D:10     | Entered Level 10 of the Dungeon
  8315 | D:10     | Found a staircase to the Orcish Mines.
  8642 | D:10     | Noticed a three-headed hydra
  8658 | D:10     | Killed a seven-headed hydra
  9027 | D:10     | Found a broken altar of Ashenzari.
  9424 | D:10     | Found a runed translucent gate.
  9424 | D:10     | Found a runed translucent gate.
  9425 | D:10     | Found a runed translucent gate.
  9427 | D:10     | Noticed TheSexyCheese's ghost (novice DsFE)
  9499 | D:10     | Noticed a two-headed ogre
  9510 | D:10     | Killed a two-headed ogre
 10008 | D:11     | Noticed a two-headed ogre
 10012 | D:11     | Killed a two-headed ogre
 10013 | D:11     | Reached skill level 5 in Invocations
 10115 | D:11     | Reached skill level 13 in Armour
 10164 | D:10     | HP: 3/97 [water elemental (9)]
 10165 | D:10     | Drowned by a water elemental

Illustrated notes

Levels and vault maps discovered:
D:1:      minmay_arrival_open_corners, layout_rooms
D:2:      layout_basic, dk_noncrumbling_4, amcnicky_mini_pool_small,
          corexii_shack, minmay_misc_feat_more_columns, nrook_uturn,
          skrybe_limestone_x
D:3:      layout_basic, lemuel_doored_altar, serial_shops, shop,
          gammafunk_ghost_grave, nicolae_elevator_lobby_asterisk
D:4:      layout_loops_ring, mainiacjoe_overflow_six_doors_small
D:5:      layout_layer_cave, mainiacjoe_overflow_chevrons,
          nicolae_elemental_shop, grunt_decor_one_mirror
D:6:      layout_rooms, enter_ossuary_3
D:7:      minmay_chambers_of_sixes, layout_basic,
          mainiacjoe_overflow_cross_hatched, temple_hall,
          kennysheep_windowed_goal, uniq_prince_ribbit1
D:8:      layout_cave_pools, uniq_pikel
D:9:      layout_cave_pools, mainiacjoe_overflow_tiny_flanked, serial_shops,
          shop, enter_bailey_3, grunt_ministairs_8
D:10:     layout_loops_corners, ashenzari_altar_1,
          minmay_orc_entry_temple_small, gammafunk_ghost_necromancy,
          hangedman_ranch
D:11:     layout_long_grid, erik_lair_island, minmay_orc_keep
Temple:   kb_temple_of_zot

Skill      XL: |  1  2  3  4  5  6  7  8  9 10 11 |
---------------+----------------------------------+-----
Armour         | 4 5 6 7 9 10 12 13 | 13.0
Dodging        | 1 2 3 5 6 7 8 |  8.0
Fighting       | 4 5 6 7 8 9 |  9.5
Shields        | 4 5 6 7 8 9 |  9.6
Axes           | 3 4 5 6 7 8 9 |  9.2
Invocations    | 2 4 5 |  5.1
Evocations     | |  0.6

Action                     |  1- 3 |  4- 6 |  7- 9 | 10-12 || total
---------------------------+-------+-------+-------+-------++-------
  Melee: War axe           |    53 |    78 |   181 |   245 ||   557
         Headbutt          |     6 |    16 |    31 |    46 ||    99
  Throw: Throwing net      |       |       |       |     1 ||     1
 Invoke: Minor Destruction |       |       |       |     9 ||     9
    Use: Scroll            |     5 |     5 |     4 |     5 ||    19
         Potion            |     1 |     2 |     4 |     5 ||    12
 Armour: Scale mail        |    23 |    24 |       |       ||    47
         Chain mail        |       |       |    94 |    46 ||   140
         Plate armour      |       |       |       |    77 ||    77
  Dodge: Dodged            |    26 |    34 |    81 |   151 ||   292
  Block: Buckler           |     9 |    22 |    52 |   107 ||   190

Table legend: (Time is in decaauts)
 A = Elapsed time spent in this place.
 B = Non-inter-level travel time spent in this place.
 C = Inter-level travel time spent in this place.
 D = Time resting spent in this place.
 E = Time spent auto-exploring this place.
 F = Levels seen in this place.
 G = Mean time per level.
                   A        B        C        D        E       F      G
               +--------+--------+--------+--------+--------+-----+--------+
         Total |  10288 |   9634 |    654 |      0 |   8118 |  14 |  734.9 |
       Dungeon |   9487 |   8889 |    598 |      0 |   7602 |  11 |  862.5 |
        Temple |    171 |    116 |     55 |      0 |     97 |   1 |  171.0 |
       Ossuary |    146 |    146 |      0 |      0 |     75 |   1 |  146.0 |
        Bailey |    483 |    483 |      0 |      0 |    344 |   1 |  483.0 |
               +--------+--------+--------+--------+--------+-----+--------+

Top non-repeatable levels by time:
    D:10: 1731 daAuts
     D:7: 1446 daAuts
     D:5: 1396 daAuts
     D:3: 916 daAuts
     D:2: 846 daAuts
     D:9: 814 daAuts
     D:8: 726 daAuts
     D:4: 691 daAuts
  Bailey: 483 daAuts
     D:6: 417 daAuts
     D:1: 341 daAuts
  Temple: 171 daAuts
    D:11: 159 daAuts
 Ossuary: 146 daAuts
